[ AOE2 MATCH · #507907041 ]
UnrankedJurchens vs Vikings
Player's team · WIN
Rival team · LOSS
[ REPLAY ANALYSIS · EXTRACTED FROM THE RECORDED GAME ]
Feudal
10:58
Castle
17:26
Imperial
38:04
| APM avg | 61.6 |
| APM peak | 136 |
| eAPM avg | 33.9 |
| Villagers / military | 295 / 185 |
Focus
⚔️ 43.8% · 🌾 56.2%
Cavalry Archer ×119 · Archer ×35 · Iron Pagoda ×9 · Trebuchet (Packed) ×9 · Monk ×5 · Unknown (1908) ×5
Feudal
9:03
Castle
21:27
Imperial
41:12
| APM avg | 60.9 |
| APM peak | 124 |
| eAPM avg | 35.6 |
| Villagers / military | 204 / 130 |
Focus
⚔️ 32.5% · 🌾 67.5%
Archer ×114 · Mangonel ×5 · Skirmisher ×4 · Militia ×3 · Monk ×2 · Scorpion ×1
Match map
Initial resources + every placement click. Lines = walls · curves = elevation contours. ◆ gold · ⬟ stone · ● berries · ✦ relic · ◌ wall gap
Your base· Open — unwalled flank
Tomahawk's base· Open — unwalled flank
Smoothed initial terrain · ◌ = detected wall gap · hover for details
Inputs per minute
— DS_La década ganada - - Tomahawk
Build order — DS_La década ganada
First 150 of 680 actions detected
| 0:00 | Queue | Villager (Male) |
| 0:00 | Queue | Villager (Male) |
| 0:01 | Queue | Villager (Male) |
| 0:02 | Build | House |
| 0:03 | Build | House |
| 0:05 | Queue | Villager (Male) |
| 0:05 | Queue | Villager (Male) |
| 0:05 | Queue | Villager (Male) |
| 1:36 | Queue | Villager (Male) |
| 2:06 | Queue | Villager (Male) |
| 2:11 | Build | Lumber Camp |
| 2:22 | Queue | Villager (Male) |
| 2:56 | Queue | Villager (Male) |
| 3:21 | Queue | Villager (Male) |
| 3:21 | Queue | Villager (Male) |
| 3:42 | Queue | Villager (Male) |
| 3:49 | Build | House |
| 4:02 | Queue | Villager (Male) |
| 4:03 | Queue | Villager (Male) |
| 4:03 | Queue | Villager (Male) |
| 4:29 | Queue | Villager (Male) |
| 4:29 | Queue | Villager (Male) |
| 4:38 | Build | Barracks |
| 4:49 | Queue | Villager (Male) |
| 5:08 | Queue | Villager (Male) |
| 5:22 | Queue | Villager (Male) |
| 5:28 | Queue | Villager (Male) |
| 5:28 | Queue | Villager (Male) |
| 5:33 | Build | House |
| 5:36 | Queue | Militia |
| 5:36 | Queue | Militia |
| 5:56 | Queue | Militia |
| 6:11 | Build | House |
| 6:26 | Build | Mill |
| 6:37 | Queue | Villager (Male) |
| 7:02 | Queue | Villager (Male) |
| 7:02 | Queue | Villager (Male) |
| 7:15 | Queue | Villager (Male) |
| 7:18 | Build | Palisade Wall |
| 7:22 | Research | Loom |
| 7:32 | Queue | Villager (Male) |
| 7:46 | Queue | Villager (Male) |
| 7:46 | Queue | Villager (Male) |
| 8:13 | Build | Palisade Wall |
| 8:14 | Build | Palisade Wall |
| 8:48 | Research | Feudal Age |
| 8:48 | Research | Feudal Age |
| 8:54 | Queue | Villager (Male) |
| 8:59 | Build | Mill |
| 9:24 | Build | Palisade Wall |
| 9:30 | Queue | Villager (Male) |
| 9:41 | Build | Farm |
| 9:55 | Build | Farm |
| 10:27 | Queue | Villager (Male) |
| 10:34 | Queue | Villager (Male) |
| 10:45 | Build | Palisade Wall |
| 10:58 | Age | Feudal Age |
| 11:06 | Build | Palisade Wall |
| 11:26 | Build | Archery Range |
| 11:30 | Build | Palisade Wall |
| 11:31 | Queue | Villager (Male) |
| 11:35 | Queue | Villager (Male) |
| 11:41 | Queue | Villager (Male) |
| 11:46 | Build | House |
| 11:51 | Queue | Villager (Male) |
| 11:56 | Queue | Villager (Male) |
| 12:02 | Queue | Villager (Male) |
| 12:13 | Build | Mining Camp |
| 12:30 | Build | House |
| 12:33 | Build | Palisade Wall |
| 12:36 | Queue | Villager (Male) |
| 12:43 | Queue | Villager (Male) |
| 12:50 | Queue | Villager (Male) |
| 12:56 | Queue | Villager (Male) |
| 13:06 | Queue | Villager (Male) |
| 13:16 | Queue | Archer |
| 13:20 | Queue | Skirmisher |
| 13:29 | Queue | Skirmisher |
| 13:30 | Queue | Villager (Male) |
| 13:40 | Queue | Villager (Male) |
| 13:50 | Build | Blacksmith |
| 14:21 | Queue | Villager (Male) |
| 14:44 | Research | Castle Age |
| 14:44 | Research | Castle Age |
| 14:46 | Queue | Skirmisher |
| 14:49 | Queue | Skirmisher |
| 14:51 | Queue | Villager (Male) |
| 14:52 | Queue | Archer |
| 15:08 | Queue | Archer |
| 15:09 | Queue | Villager (Male) |
| 15:15 | Queue | Villager (Male) |
| 15:16 | Queue | Archer |
| 15:16 | Queue | Archer |
| 15:16 | Queue | Archer |
| 15:39 | Build | Archery Range |
| 15:44 | Queue | Villager (Male) |
| 15:46 | Research | Double-Bit Axe |
| 15:53 | Research | Fletching |
| 15:54 | Queue | Archer |
| 15:54 | Queue | Archer |
| 15:55 | Queue | Archer |
| 15:55 | Queue | Archer |
| 16:07 | Build | Farm |
| 16:08 | Queue | Villager (Male) |
| 16:12 | Queue | Archer |
| 16:12 | Queue | Archer |
| 16:14 | Queue | Villager (Male) |
| 16:18 | Queue | Archer |
| 16:26 | Build | Farm |
| 16:27 | Queue | Archer |
| 16:34 | Queue | Archer |
| 16:37 | Queue | Archer |
| 16:38 | Queue | Archer |
| 16:38 | Queue | Archer |
| 16:44 | Queue | Archer |
| 16:49 | Queue | Archer |
| 16:52 | Queue | Archer |
| 16:53 | Queue | Archer |
| 16:59 | Queue | Villager (Male) |
| 17:09 | Queue | Villager (Male) |
| 17:11 | Build | House |
| 17:11 | Build | House |
| 17:14 | Queue | Villager (Male) |
| 17:21 | Build | Farm |
| 17:21 | Build | Farm |
| 17:26 | Age | Castle Age |
| 17:28 | Research | Bodkin Arrow |
| 17:37 | Queue | Archer |
| 17:37 | Queue | Archer |
| 17:42 | Queue | Cavalry Archer |
| 17:43 | Queue | Cavalry Archer |
| 17:43 | Queue | Cavalry Archer |
| 17:49 | Queue | Villager (Male) |
| 18:06 | Build | Farm |
| 18:07 | Build | Farm |
| 18:08 | Build | Farm |
| 18:09 | Build | Farm |
| 18:09 | Build | Farm |
| 18:11 | Queue | Villager (Male) |
| 18:15 | Queue | Cavalry Archer |
| 18:15 | Queue | Cavalry Archer |
| 18:16 | Queue | Archer |
| 18:16 | Queue | Archer |
| 18:34 | Queue | Cavalry Archer |
| 18:34 | Queue | Cavalry Archer |
| 18:41 | Queue | Cavalry Archer |
| 18:41 | Queue | Cavalry Archer |
| 18:41 | Queue | Cavalry Archer |
| 18:45 | Queue | Villager (Male) |
| 18:45 | Queue | Villager (Male) |
Build order — Tomahawk
First 150 of 495 actions detected
| 0:00 | Queue | Villager (Male) |
| 0:01 | Build | House |
| 0:02 | Build | House |
| 0:05 | Queue | Villager (Male) |
| 0:05 | Queue | Villager (Male) |
| 0:16 | Queue | Villager (Male) |
| 1:31 | Queue | Villager (Male) |
| 1:46 | Build | Lumber Camp |
| 2:08 | Research | Loom |
| 2:29 | Queue | Villager (Male) |
| 2:58 | Queue | Villager (Male) |
| 2:58 | Queue | Villager (Male) |
| 3:04 | Queue | Villager (Male) |
| 3:47 | Queue | Villager (Male) |
| 4:02 | Build | House |
| 4:19 | Queue | Villager (Male) |
| 4:35 | Queue | Villager (Male) |
| 4:39 | Build | Mill |
| 4:53 | Queue | Villager (Male) |
| 5:07 | Queue | Villager (Male) |
| 5:24 | Queue | Villager (Male) |
| 5:50 | Queue | Villager (Male) |
| 6:53 | Research | Feudal Age |
| 7:12 | Build | Barracks |
| 7:16 | Queue | Villager (Male) |
| 7:43 | Build | House |
| 8:02 | Build | Mining Camp |
| 8:05 | Build | Palisade Wall |
| 8:08 | Queue | Militia |
| 8:30 | Queue | Militia |
| 8:32 | Queue | Militia |
| 8:51 | Queue | Villager (Male) |
| 9:03 | Age | Feudal Age |
| 9:06 | Queue | Villager (Male) |
| 9:12 | Build | Archery Range |
| 9:40 | Queue | Villager (Male) |
| 9:46 | Build | Farm |
| 9:56 | Queue | Villager (Male) |
| 10:04 | Queue | Villager (Male) |
| 10:07 | Build | Farm |
| 10:07 | Build | Farm |
| 10:07 | Build | Farm |
| 10:08 | Build | Farm |
| 10:22 | Queue | Villager (Male) |
| 10:24 | Build | House |
| 10:27 | Build | Palisade Wall |
| 10:29 | Build | Palisade Wall |
| 10:31 | Queue | Archer |
| 10:43 | Research | Double-Bit Axe |
| 10:48 | Build | House |
| 10:50 | Build | Palisade Wall |
| 10:50 | Build | Palisade Wall |
| 10:51 | Build | Palisade Wall |
| 10:51 | Build | Palisade Wall |
| 10:57 | Queue | Archer |
| 10:59 | Build | Farm |
| 11:08 | Build | Farm |
| 11:13 | Queue | Villager (Male) |
| 11:31 | Queue | Archer |
| 11:44 | Build | Farm |
| 11:56 | Queue | Villager (Male) |
| 12:01 | Build | House |
| 12:19 | Build | Blacksmith |
| 12:29 | Build | Mill |
| 12:29 | Queue | Villager (Male) |
| 12:52 | Queue | Villager (Male) |
| 12:53 | Queue | Archer |
| 12:58 | Queue | Archer |
| 13:03 | Queue | Villager (Male) |
| 13:08 | Build | Farm |
| 13:10 | Build | Farm |
| 13:22 | Build | Farm |
| 13:28 | Build | Farm |
| 13:33 | Queue | Archer |
| 13:46 | Queue | Villager (Male) |
| 13:49 | Build | House |
| 13:50 | Build | Palisade Wall |
| 13:51 | Queue | Villager (Male) |
| 14:01 | Queue | Villager (Male) |
| 14:13 | Build | House |
| 14:15 | Build | House |
| 14:15 | Build | House |
| 14:27 | Queue | Villager (Male) |
| 14:34 | Queue | Villager (Male) |
| 14:39 | Queue | Archer |
| 14:44 | Research | Fletching |
| 14:44 | Research | Fletching |
| 14:46 | Queue | Villager (Male) |
| 14:51 | Build | House |
| 14:52 | Build | Palisade Wall |
| 14:57 | Queue | Villager (Male) |
| 15:00 | Build | Farm |
| 15:37 | Queue | Villager (Male) |
| 15:41 | Queue | Archer |
| 15:43 | Queue | Villager (Male) |
| 15:49 | Build | Archery Range |
| 15:50 | Build | Palisade Wall |
| 15:53 | Build | Palisade Wall |
| 15:54 | Queue | Villager (Male) |
| 15:54 | Queue | Villager (Male) |
| 15:56 | Queue | Villager (Male) |
| 15:59 | Build | Farm |
| 16:09 | Queue | Villager (Male) |
| 16:15 | Queue | Villager (Male) |
| 16:23 | Build | Farm |
| 16:28 | Queue | Archer |
| 16:37 | Queue | Villager (Male) |
| 17:06 | Queue | Villager (Male) |
| 17:14 | Build | Market |
| 17:21 | Queue | Skirmisher |
| 17:21 | Queue | Skirmisher |
| 17:23 | Queue | Villager (Male) |
| 17:36 | Queue | Villager (Male) |
| 17:42 | Queue | Villager (Male) |
| 18:02 | Build | Farm |
| 18:04 | Build | Farm |
| 18:05 | Build | Farm |
| 18:39 | Research | Castle Age |
| 18:39 | Research | Castle Age |
| 18:53 | Research | Padded Archer Armor |
| 19:09 | Queue | Archer |
| 19:09 | Queue | Archer |
| 19:15 | Queue | Villager (Male) |
| 19:29 | Queue | Archer |
| 19:29 | Queue | Archer |
| 19:30 | Queue | Villager (Male) |
| 19:41 | Queue | Villager (Male) |
| 19:44 | Queue | Villager (Male) |
| 19:47 | Queue | Archer |
| 19:47 | Queue | Archer |
| 19:48 | Queue | Villager (Male) |
| 19:53 | Build | House |
| 20:00 | Queue | Villager (Male) |
| 20:24 | Queue | Archer |
| 20:24 | Queue | Archer |
| 20:41 | Queue | Villager (Male) |
| 20:47 | Build | House |
| 20:48 | Queue | Villager (Male) |
| 20:54 | Queue | Villager (Male) |
| 20:58 | Queue | Villager (Male) |
| 21:05 | Queue | Villager (Male) |
| 21:08 | Build | House |
| 21:09 | Build | House |
| 21:10 | Build | House |
| 21:16 | Queue | Villager (Male) |
| 21:27 | Age | Castle Age |
| 21:27 | Queue | Archer |
| 21:31 | Queue | Villager (Male) |
| 21:38 | Queue | Villager (Male) |
| 21:41 | Queue | Villager (Male) |
Match timeline
| 4:38 | DS_La década ganada · first_building Barracks |
| 7:12 | Tomahawk · first_building Barracks |
| 7:18 | DS_La década ganada · wall_segment Palisade Wall x1 |
| 8:05 | Tomahawk · wall_segment Palisade Wall x1 |
| 8:13 | DS_La década ganada · wall_segment Palisade Wall x14 |
| 8:14 | DS_La década ganada · wall_segment Palisade Wall x3 |
| 9:03 | Tomahawk · age_up feudal |
| 9:12 | Tomahawk · first_building Archery Range |
| 9:24 | DS_La década ganada · wall_segment Palisade Wall x13 |
| 10:27 | Tomahawk · wall_segment Palisade Wall x1 |
| 10:29 | Tomahawk · wall_segment Palisade Wall x1 |
| 10:45 | DS_La década ganada · wall_segment Palisade Wall x1 |
| 10:50 | Tomahawk · wall_segment Palisade Wall x1 |
| 10:50 | Tomahawk · wall_segment Palisade Wall x1 |
| 10:51 | Tomahawk · wall_segment Palisade Wall x1 |
| 10:51 | Tomahawk · wall_segment Palisade Wall x1 |
| 10:58 | DS_La década ganada · age_up feudal |
| 11:06 | DS_La década ganada · wall_segment Palisade Wall x1 |
| 11:26 | DS_La década ganada · first_building Archery Range |
| 11:30 | DS_La década ganada · wall_segment Palisade Wall x1 |
| 12:33 | DS_La década ganada · wall_segment Palisade Wall x1 |
| 13:50 | Tomahawk · wall_segment Palisade Wall x16 |
| 14:52 | Tomahawk · wall_segment Palisade Wall x9 |
| 15:50 | Tomahawk · wall_segment Palisade Wall x1 |
| 15:53 | Tomahawk · wall_segment Palisade Wall x16 |
| 17:26 | DS_La década ganada · age_up castle |
| 18:41 | Tomahawk · first_market_sell 100 wood |
| 21:27 | Tomahawk · age_up castle |
| 22:05 | DS_La década ganada · first_building Siege Workshop |
| 22:31 | Tomahawk · first_market_buy 100 wood |
| 24:58 | Tomahawk · first_building Siege Workshop |
| 25:58 | DS_La década ganada · first_building Stable |
| 31:25 | Tomahawk · first_building Monastery |
| 31:48 | DS_La década ganada · first_building Monastery |
| 34:48 | DS_La década ganada · first_market_sell 500 food |
| 36:33 | Tomahawk · wall_segment Palisade Wall x6 |
| 36:40 | DS_La década ganada · first_building Castle |
| 36:52 | Tomahawk · first_building Castle |
| 38:04 | DS_La década ganada · age_up imperial |
| 40:44 | DS_La década ganada · first_market_buy 100 stone |
| 41:12 | Tomahawk · age_up imperial |
| 42:43 | Tomahawk · resign |
[ AI ANALYSIS · 1 CREDIT ]
What really happened in this match?
Wolo.gg analyzes every decision: build order, eco, micro, common mistakes by bracket. Personalized analysis on WhatsApp or Discord in 30 seconds.
Civ guide
Jurchens
Perfil
Jugador #2916135